 Dungeon Crawl Stone Soup version 0.30-a0-618-gd6c86c23d0 (webtiles) character file.

Game seed: 9633178017255167325

124 NinjaNoafa the Caller (level 4, -4/18 HPs)
             Began as a Felid Summoner on Jan 9, 2023.
             Killed by divine providence
             ... invoked by an orc priest
              (13 damage)
             ... on level 3 of the Dungeon on Jan 10, 2023.
             The game lasted 00:04:56 (3115 turns).

NinjaNoafa the Caller (Felid Summoner)              Turns: 3115, Time: 00:04:57

Health: -4/18      AC:  1    Str:  4    XL:     4   Next: 81%
Magic:  7/9        EV: 18    Int: 18    God:
Gold:   140        SH:  0    Dex: 16    Spells: 0/9 levels left
                                        Lives:  0   Deaths: 1

rFire   . . .      SeeInvis +    (weapon unavailable)
rCold   . . .      Faith    .    (shield unavailable)
rNeg    . . .      Spirit   .    (body armour unavailable)
rPois   .          Reflect  .    (helmet unavailable)
rElec   .          Harm     .    (cloak unavailable)
rCorr   .          Rampage  .    (gloves unavailable)
Will    .....                    (boots unavailable)
Stlth   +++                      (no amulet)
HPRegen 0.23/turn                (no ring)
MPRegen 0.11/turn                (no ring)

@: quick
A: very small, claws 1, fangs 3, see invisible, speed 1, shaggy fur 1, stealthy
paws, no weapons or thrown items, no armour, multi-lived
a: no special abilities


You were on level 3 of the Dungeon.
You visited 1 branch of the dungeon, and saw 4 of its levels.

You collected 140 gold pieces.

Inventory:

Jewellery
 i - a ring of protection from fire
Scrolls
 c - a scroll of magic mapping {unknown}
 g - 2 scrolls of fog {unknown}
 h - a scroll of teleportation {unknown}
 j - a scroll of identify {unknown}
 k - a scroll of vulnerability {unknown}
 l - a scroll of blinking {unknown}
Potions
 a - a potion of magic
 b - a potion of flight {unknown}
 d - 2 potions of curing {unknown}
 e - 2 potions of invisibility {unknown}
 f - a potion of might {unknown}
 m - a potion of heal wounds {unknown}


   Skills:
 - Level 3.5 Dodging
 - Level 3.7 Stealth
 + Level 3.2 Spellcasting
 + Level 2.7 Hexes
 + Level 5.0 Summonings


You couldn't memorise any spells.
You knew the following spells:

 Your Spells              Type           Power      Damage    Failure   Level
a - Summon Small Mammal   Summ           84%        N/A       1%          1
b - Call Imp              Summ           21%        N/A       3%          2
c - Call Canine Familiar  Summ           21%        N/A       6%          3
d - Summon Guardian Gole  Hex/Summ       16%        N/A       10%         3

Your spell library contained the following spells:

 Spells                   Type           Power      Damage    Failure   Level
 Gell's Gravitas          Tloc           2%         N/A       43%         3
 Lesser Beckoning         Tloc           4%         N/A       43%         3
 Teleport Other           Tloc           2%         N/A       43%         3
 Summon Lightning Spire   Summ/Air       11%        N/A       50%         4


Dungeon Overview and Level Annotations

Branches:
Dungeon (4/15)
 Temple: D:4-7

Altars:


Innate Abilities, Weirdness & Mutations

You have sharp claws.
You have razor-sharp teeth.
You have supernaturally acute eyesight. (SInv)
You cover ground quickly. (Speed+)
You are covered in fur. (AC +1)
Your paws help you pounce on unaware monsters.
You are incapable of wielding weapons or throwing items.
You cannot wear armour.
You gain extra lives every three experience levels.


Message History

The hound attacks as you move away! The hound barely misses you.
The hound barely misses your rat.
Your hound bites the hound.
Your rat completely misses the hound.
The hound barely misses your rat.
Your hound closely misses the hound.
The hound bites your rat.
Your rat dies!
Your rat's corpse disappears in a puff of smoke!
Your hound bites the hound.
Your crimson imp blinks!
The hound bites your hound.
Your hound closely misses the hound.
The hound bites your hound.
Your hound barely misses the hound.
The hound bites your hound.
Your hound closely misses the hound.
Your crimson imp hits the hound.
The hound dies!
Your Summonings skill increases to level 5!
Saving game... please wait.
Welcome back, NinjaNoafa the Felid Summoner.
Press ? for a list of commands and other information.
Your hound disappears in a puff of smoke!
Your crimson imp disappears in a puff of smoke!
Magic restored.
Found a stone staircase leading up.
m - a metallic puce potion
(D) Dungeon
Where to? (? - help)
There is a stone staircase leading up here.
You climb upwards.
There is a stone staircase leading down here.
The orc priest shouts!
An orc priest is nearby!
Cast which spell? (? or * to list)
Casting: Summon Small Mammal (safe; 1% risk of failure)
Confirm with . or Enter, or press ? or * to list all spells.
The orc priest mumbles some strange prayers to Beogh against you.
Beogh smites you!
Ouch! That really hurt!
The orc priest mumbles some strange prayers to Beogh against you.
Beogh smites you!
Ouch! That really hurt!
You die...

#.......#
..###.......#
..'......>..#
..#####.....# #.....#
#.....#
########.....#
#............#
#.....@......#
#...r...##.###
#.....b....#
#............##
...............#
..##.........#.##
....##)...#.o.....#
......###!..#.......#
..... #.###.......#


You could see an orc priest (ally target), a friendly quokka (summoned) and a
friendly bat (summoned).

Vanquished Creatures (collateral kills)
  A hound (D:4)
  Terence (D:2)
  Natasha (D:2)
  4 adders
  A dart slug (D:1)
  8 orcs (D:3)
  6 ball pythons
  3 endoplasms (D:1)
  5 giant cockroaches
  2 goblins (D:1)
  5 hobgoblins
  4 kobolds
  7 quokkas
  4 bats
  3 frilled lizards
  4 rats
59 creatures vanquished.

Vanquished Creatures (others)
  4 plants (D:4)
4 creatures vanquished.

Grand Total: 63 creatures vanquished

Notes
Turn   | Place    | Note
-------+----------+-------------------------------------------
     0 | D:1      | NinjaNoafa the Felid Summoner began the quest for the Orb.
     0 | D:1      | Reached XP level 1. HP: 7/7 MP: 4/4
     2 | D:1      | Noticed a ghoul
     4 | D:1      | Noticed a spriggan
     4 | D:1      | Noticed a vampire
     6 | D:1      | Noticed an armataur
     6 | D:1      | Noticed a minotaur
     8 | D:1      | Noticed an ogre
    10 | D:1      | Noticed a meteoran
    12 | D:1      | Noticed a gargoyle
    12 | D:1      | Noticed a demonspawn
    14 | D:1      | Noticed a formicid
    14 | D:1      | Noticed a draconian
    17 | D:1      | Noticed a human
    17 | D:1      | Noticed a troll
    19 | D:1      | Noticed a felid
    19 | D:1      | Noticed an octopode
    21 | D:1      | Noticed a demigod
    21 | D:1      | Noticed a vine stalker
    23 | D:1      | Noticed an elf
    23 | D:1      | Noticed a merfolk
    25 | D:1      | Noticed a tengu
    25 | D:1      | Noticed a troll
    27 | D:1      | Noticed a naga
   286 | D:1      | Reached XP level 2. HP: 11/11 MP: 3/6
   331 | D:1      | Learned a level 2 spell: Call Imp
   850 | D:1      | Reached XP level 3. HP: 14/14 MP: 2/7
  1266 | D:1      | Learned a level 3 spell: Call Canine Familiar
  1532 | D:2      | Noticed Terence
  1731 | D:2      | Reached XP level 4. HP: 18/18 MP: 5/9
  1865 | D:2      | Killed Terence
  1977 | D:2      | Noticed Natasha
  1984 | D:2      | Killed Natasha
  2341 | D:3      | Learned a level 3 spell: Summon Guardian Golem
  2369 | D:3      | Killed from afar by an orc priest
  2370 | D:3      | Reached XP level 3. HP: -11/14 MP: 1/8
  2489 | D:3      | Reached skill level 1 in Hexes
  2493 | D:3      | Reached XP level 4. HP: 18/18 MP: 5/9
  2842 | D:4      | Noticed a centaur
  3029 | D:4      | Reached skill level 5 in Summonings
  3115 | D:3      | Killed from afar by an orc priest

Illustrated notes

Levels and vault maps discovered:
D:1:      kb_arrival_jail, layout_loops_ring, minmay_bisected
D:2:      layout_rooms, uniq_terence, uniq_natasha
D:3:      layout_basic, chequers_temple_overflow_statue_of_worship
D:4:      corexii_shack_village, layout_layer_cave, minmay_manual_mares,
          uniq_crazy_yiuf_cottage

Skill      XL: |  1  2  3  4 |
---------------+-------------+-----
Stealth        | 3 |  3.7
Dodging        | 3 |  3.5
Spellcasting   | 3 |  3.2
Hexes          | 1 2 |  2.7
Summonings     | 5 |  5.0

Action                   |  1- 3 |  4- 6 || total
-------------------------+-------+-------++-------
 Cast: Summon Small Mamm |    48 |    30 ||    78
       Call Imp          |    14 |    11 ||    25
       Call Canine Famil |     6 |    11 ||    17
Armor: Skin              |     2 |       ||     2
Dodge: Dodged            |    41 |    21 ||    62

Table legend: (Time is in decaauts)
 A = Elapsed time spent in this place.
 B = Non-inter-level travel time spent in this place.
 C = Inter-level travel time spent in this place.
 D = Time resting spent in this place.
 E = Time spent auto-exploring this place.
 F = Levels seen in this place.
 G = Mean time per level.
                   A        B        C        D        E       F      G
               +--------+--------+--------+--------+--------+-----+--------+
         Total |   2827 |   2736 |     91 |      0 |   2109 |   4 |  706.8 |
       Dungeon |   2827 |   2736 |     91 |      0 |   2109 |   4 |  706.8 |
               +--------+--------+--------+--------+--------+-----+--------+

Top non-repeatable levels by time:
     D:1: 1168 daAuts
     D:2: 851 daAuts
     D:4: 405 daAuts
     D:3: 401 daAuts
